 Dungeon Crawl Stone Soup version 0.20-a0-540-ge6d1839 (webtiles) character file.

93 AlphabetPasta the Magician (level 4, -2/30 HPs)
             Began as a Barachian Wizard on Jan 29, 2017.
             Slain by a gnoll (5 damage)
             ... on level 3 of the Dungeon.
             The game lasted 00:12:51 (3352 turns).

AlphabetPasta the Magician (Barachian Wizard)       Turns: 3352, Time: 00:12:52

Health: -2/30      AC:  2    Str:  5    XL:     4   Next: 62%
Magic:  1/10       EV: 12    Int: 17    God:
Gold:   240        SH:  0    Dex:  9    Spells: 2/11 levels left

rFire    . . .     SeeInvis +   l - +1 falchion
rCold    . . .     Gourm    .   a - +0 robe
rNeg     . . .     Faith    .   (no shield)
rPois    .         Spirit   .   b - +0 hat
rElec    .         Reflect  .   (no cloak)
rCorr    .         Harm     .   (no gloves)
MR       .....                  (no boots)
Stlth    ++........             (no amulet)
Regen    0.1/turn               (no ring)
                                p - ring of see invisible

@: slow
A: swims, slowness 1, strong legs 1
a: Hop


You were on level 3 of the Dungeon.
You were not hungry.

You visited 1 branch of the dungeon, and saw 4 of its levels.

You collected 240 gold pieces.

Inventory:

Hand Weapons
 e - a +0 club
 l - a +1 falchion (weapon)
Armour
 a - a +0 robe (worn)
 b - a +0 hat (worn)
Jewellery
 p - a ring of see invisible (left hand)
Wands
 i - a wand of disintegration (8/24)
Scrolls
 g - a scroll of remove curse
 h - 2 scrolls of recharging
 k - a scroll of noise {unknown}
 s - a scroll of fear {unknown}
Potions
 j - a potion of heal wounds {unknown}
 o - a potion of brilliance
 q - a potion of might {unknown}
Books
 c - a book of Minor Magic

   Spells                             Type                      Level
   a - Magic Dart                     Conjuration                  1
   b - Blink                          Translocation                2
   c - Call Imp                       Summoning                    2
   d - Repel Missiles                 Charms/Air                   2
   e - Slow                           Hexes                        2
   f - Conjure Flame                  Conjuration/Fire             3
   g - Mephitic Cloud                 Conjuration/Poison/Air       3
Comestibles
 d - 4 bread rations
 m - 2 meat rations
 n - 13 fruits
 r - 3 chunks of flesh


   Skills:
 - Level 2.0 Dodging
 - Level 2.0 Stealth
 * Level 4.2 Spellcasting
 - Level 1.6 Conjurations
 + Level 1.0 Hexes
 - Level 1.1 Charms
 - Level 1.1 Summonings
 - Level 1.0 Translocations
 - Level 1.0 Air Magic


You had 2 spell levels left.
You knew the following spells:

 Your Spells              Type           Power        Failure   Level  Hunger
a - Magic Dart            Conj           #...         10%         1    None
b - Blink                 Tloc           N/A          17%         2    ##.....
c - Call Imp              Summ           #.......     17%         2    ##.....
d - Repel Missiles        Chrm/Air       #.....       17%         2    ##.....
e - Slow                  Hex            #.......     17%         2    ##.....


Dungeon Overview and Level Annotations

Branches:
Dungeon (4/15)
 Temple: D:4-7

Altars:
Fedhas
Gozag
Ru
The Shining One

Annotations:
D:4 Meow's ghost, novice NaWz


Innate Abilities, Weirdness & Mutations

You can swim through water.
You cover ground slowly.
You can hop short distances.


Message History

Confirm with . or Enter, or press ? or * to list all spells.
Aiming: Magic Dart
Press: ? - help, Shift-Dir - straight line, f/p - gnoll
Aim: a gnoll (severely wounded)
The magic dart hits the gnoll.
The gnoll is severely wounded.
Your crimson imp blinks!
The gnoll hits you!
* * * LOW HITPOINT WARNING * * *
Your crimson imp disappears in a puff of smoke!
You feel better. The gnoll hits you.
You closely miss the gnoll.
The gnoll is severely wounded.
The gnoll barely misses you.
You closely miss the gnoll.
The gnoll is severely wounded.
The gnoll hits you!
* * * LOW HITPOINT WARNING * * *
The gnoll hits you.
You die...

.(#####...#####.##
......(.⌠[.......#
#.#####..(#####..#
###...'#.#'...##.#
#.8...#=#..)8.#.#
##.._..#.#.._..#(#
.#.8.8.#.#.8.8.#.#
###...##.##...##.#
#####...######@#
#.##.###.##g.#
#....# #..).##
#####.#### #.####
....).# #) #####.#
#g #.# #. #####.#
#. ......# #.


You could see a gnoll.

Vanquished Creatures
  A gnoll (D:3)
  An adder (D:3)
  2 worms
  3 dart slugs
  2 leopard geckos (D:3)
  2 orcs (D:3)
  A giant cockroach (D:3)
  9 goblins
  5 hobgoblins
  8 jackals
  3 quokkas (D:3)
  A ball python (D:3)
  2 bats (D:2)
  2 frilled lizards
  2 kobolds (D:1)
  4 rats
48 creatures vanquished.

Vanquished Creatures (collateral kills)
  A gnoll (D:3)
  A hobgoblin (D:2)
  2 jackals (D:3)
  A bat (D:2)
5 creatures vanquished.

Grand Total: 53 creatures vanquished

Notes
Turn   | Place    | Note
-------+----------+-------------------------------------------
     0 | D:1      | AlphabetPasta the Barachian Wizard began the quest for the Orb.
     0 | D:1      | Reached XP level 1. HP: 13/13 MP: 4/4
   308 | D:1      | Reached XP level 2. HP: 15/19 MP: 3/6
   316 | D:1      | Learned a level 2 spell: Blink
   319 | D:1      | Learned a level 2 spell: Call Imp
   322 | D:1      | Learned a level 2 spell: Repel Missiles
  1260 | D:2      | Reached skill level 1 in Charms
  1261 | D:2      | Reached XP level 3. HP: 24/24 MP: 4/8
  2043 | D:2      | Learned a level 2 spell: Slow
  2632 | D:3      | Reached skill level 1 in Air Magic
  2632 | D:3      | Reached XP level 4. HP: 30/30 MP: 2/9
  2899 | D:3      | You fall through a shaft!
  2899 | D:4      | Noticed Meow's ghost (novice NaWz)
  2936 | D:4      | Reached skill level 4 in Spellcasting
  3234 | D:3      | Found a sacrificial altar of Ru.
  3246 | D:3      | Found an opulent altar of Gozag.
  3249 | D:3      | Found a glowing golden altar of the Shining One.
  3266 | D:3      | Found a blossoming altar of Fedhas.
  3337 | D:3      | Reached skill level 1 in Hexes
  3352 | D:3      | Slain by a gnoll

Vault maps used:
D:1:      dpeg_arrival_solitude
D:2:      first_bread, minmay_fountain_box, dk_vineyard_1
D:3:      grunt_temple_overflow_cloverleaf
D:4:      uniq_menkaure

Skill      XL: |  1  2  3  4 |
---------------+-------------+-----
Charms         | 1 |  1.1
Air Magic      | 1 |  1.0
Spellcasting   | 4 |  4.2
Hexes          | 1 |  1.0
Dodging        | |  2.0
Stealth        | |  2.0
Conjurations   | |  1.6
Summonings     | |  1.1
Translocations | |  1.0

Action                   |  1- 3 |  4- 6 || total
-------------------------+-------+-------++-------
Melee: Club              |    11 |       ||    11
       Falchion          |    15 |    28 ||    43
 Cast: Magic Dart        |    97 |    31 ||   128
       Call Imp          |     3 |     6 ||     9
       Repel Missiles    |     2 |       ||     2
       Blink             |     1 |       ||     1
  Use: Scroll            |     6 |     2 ||     8
       Potion            |       |     1 ||     1
  Eat: Chunk             |     5 |     3 ||     8
       Fruit             |     1 |       ||     1
Armor: Robe              |     3 |     5 ||     8
Dodge: Dodged            |    47 |    35 ||    82
       Deflected         |     2 |     1 ||     3
       Rpst.: Falchion   |    10 |     6 ||    16
